Map: Oxide LE

Players

PtitDrogo

  • Race: Protoss Protoss

Clem - Winner!

  • Race: Terran Terran

Event: DreamHack SC2 Masters 2021 Fall

VOD

Have the link to the VOD?

Description

Time

  • Played on: Aug. 12, 2021, 12:32 p.m.
  • Length: 7:15

All games in this series

Show
View Real Time Build Order
Export as new Build Order

PtitDrogo Protoss 

Build Orders: 1 Gate Expand, Phoenix Opening, Colossus Rush 

Get SALT Encoding   

  12  0:00  Probe  
  13  0:12  Probe  
  14  0:18  Pylon  
  14  0:24  Probe (Chrono Boost)  
  15  0:36  Probe (Chrono Boost)  
  15  0:37  Gateway  
  16  0:45  Probe (Chrono Boost)  
  16  0:46  Assimilator  
  17  0:51  Probe  
  18  1:03  Probe  
  19  1:15  Probe  
  20  1:22  Nexus  
  20  1:32  Cybernetics Core  
  20  1:34  Probe  
  20  1:39  Assimilator  
  21  1:46  Probe  
  22  1:49  Pylon  
  22  1:58  Probe  
  23  2:05  Stalker (Chrono Boost)  
  25  2:11  Probe  
  26  2:19  Stargate  
  26  2:23  Probe (Chrono Boost)  
  26  2:26  Warp Gate  
  27  2:31  Adept  
  27  2:35  Probe x2 (Chrono Boost)  
  31  2:43  Probe (Chrono Boost)  
  31  2:44  Probe (Chrono Boost)  
  33  2:49  Probe x2 (Chrono Boost)  
  35  3:01  Adept, Probe x2  
  35  3:02  Phoenix (Chrono Boost)  
  41  3:11  Pylon  
  41  3:13  Probe x2  
  43  3:21  Phoenix (Chrono Boost)  
  43  3:25  Probe  
  46  3:29  Gateway, Probe  
  46  3:32  Gateway  
  47  3:39  Probe  
  47  3:41  Probe  
  49  3:43  Phoenix (Chrono Boost)  
  51  3:49  Pylon  
  51  3:50  Assimilator  
  51  3:51  Probe  
  51  3:53  Assimilator  
  52  3:57  Probe  
  53  4:03  Probe  
  53  4:07  Phoenix  
  53  4:08  Robotics Facility  
  57  4:10  Probe  
  57  4:18  Pylon  
  57  4:20  Probe  
  57  4:23  Probe  
  59  4:25  Pylon  
  59  4:27  Adept  
  61  4:32  Probe  
  61  4:33  Shield Battery  
  61  4:36  Phoenix  
  64  4:47  Probe  
  64  4:48  Adept  
  64  4:52  Nexus  
  67  4:57  Observer  
  67  4:59  Robotics Bay  
  69  5:00  Probe x2  
  69  5:03  Pylon  
  70  5:12  Probe  
  71  5:15  Pylon, Probe  
  70  5:24  Probe  
  70  5:27  Twilight Council, Forge, Probe  
  72  5:36  Shield Battery, Probe  
  72  5:39  Probe  
  72  5:40  Adept x3  
  80  5:46  Colossus (Chrono Boost)  
  80  5:47  Shield Battery  
  80  5:48  Probe  
  73  6:06  Adept x3  
  73  6:08  Probe  
  73  6:09  Probe  
  71  6:14  Probe  
  66  6:21  Probe  
  66  6:23  Gateway  
  67  6:32  Stalker x3  
  67  6:37  Probe x2 (Chrono Boost)  
  67  6:38  Probe (Chrono Boost)  
  68  6:49  Probe x2 (Chrono Boost)  
  68  6:50  Probe (Chrono Boost)  
  68  6:51  Pylon  
  71  6:58  Probe x2 (Chrono Boost)  
  79  7:04  Stalker x2  
Show
View Real Time Build Order
Export as new Build Order

Clem Terran - Winner!

Build Orders:  

Get SALT Encoding   

  12  0:00  SCV  
  13  0:12  SCV  
  14  0:16  Supply Depot  
  14  0:24  SCV  
  15  0:38  SCV  
  15  0:39  Barracks  
  16  0:44  Refinery  
  16  0:50  SCV  
  17  1:02  SCV  
  18  1:14  SCV  
  19  1:26  Barracks Reactor  
  19  1:27  Orbital Command  
  19  1:39  Command Center  
  19  1:47  Supply Depot  
  19  1:52  SCV  
  20  2:02  Marine x2  
  20  2:04  SCV  
  23  2:16  SCV  
  23  2:20  Marine x2  
  26  2:30  Command Center  
  26  2:33  SCV  
  27  2:38  Marine x2  
  29  2:45  SCV  
  30  2:51  Orbital Command  
  30  2:56  Marine x2  
  30  2:57  SCV  
  33  3:03  Barracks  
  33  3:09  SCV  
  34  3:14  Marine x2  
  36  3:20  SCV  
  36  3:21  SCV  
  38  3:28  Barracks  
  38  3:32  Marine x2, SCV  
  38  3:33  Bunker, SCV  
  42  3:43  Orbital Command  
  42  3:44  SCV  
  42  3:45  Engineering Bay  
  42  3:47  SCV  
  44  3:50  Barracks Tech Lab  
  44  3:53  Marine x2  
  46  3:56  SCV  
  46  3:59  SCV  
  48  4:05  Factory  
  48  4:08  SCV  
  48  4:09  SCV  
  50  4:11  Stimpack  
  50  4:12  Marine x2  
  50  4:16  Marauder  
  54  4:19  Barracks Tech Lab  
  54  4:21  Missile Turret  
  54  4:22  SCV  
  54  4:23  SCV  
  56  4:25  SCV  
  57  4:32  Refinery  
  57  4:34  Marine x2, SCV  
  60  4:40  Supply Depot  
  60  4:46  Combat Shield  
  60  4:53  Marauder  
  60  4:57  Marine x2, SCV x2, Marauder, Supply Depot  
  67  5:01  Refinery  
  67  5:02  Starport  
  67  5:05  Factory Reactor  
  67  5:07  SCV  
  68  5:09  SCV  
  68  5:11  Missile Turret  
  68  5:14  Marine x2, SCV  
  68  5:18  Marine  
  68  5:19  SCV  
  70  5:21  SCV  
  70  5:22  Marine  
  70  5:25  Supply Depot  
  70  5:26  SCV  
  73  5:30  Refinery  
  73  5:32  Marine  
  73  5:33  SCV  
  73  5:34  Orbital Command  
  74  5:35  Marine  
  74  5:37  Supply Depot  
  74  5:41  Barracks  
  72  5:43  Barracks  
  72  5:44  SCV  
  72  5:47  SCV  
  72  5:48  Factory Reactor  
  72  5:49  Marine x2  
  76  5:51  Supply Depot  
  76  5:52  Marine  
  76  5:53  Concussive Shells  
  76  5:54  Marine  
  75  5:57  SCV  
  71  6:07  Marine x2  
  71  6:08  SCV  
  71  6:10  Marine  
  71  6:11  Medivac x2  
  76  6:12  Marine  
  76  6:13  SCV  
  76  6:15  Supply Depot  
  76  6:17  Supply Depot  
  78  6:24  Widow Mine  
  78  6:25  Marine x2  
  82  6:26  Widow Mine  
  82  6:27  Marine  
  82  6:30  SCV  
  82  6:31  SCV  
  82  6:32  Barracks Reactor, Marine, Barracks Tech Lab  
  80  6:36  SCV  
  80  6:38  Supply Depot  
  81  6:42  SCV  
  81  6:43  Marauder  
  81  6:44  Medivac x2  
  81  6:45  Marine  
  81  6:46  Marauder  
  84  6:48  Widow Mine  
  84  6:52  Marine x2, Supply Depot  
  88  6:56  SCV x2  
  88  6:57  SCV  
  93  7:02  Supply Depot  

Tags
 
Add a new tag
Caveats
  • Supply blocks, unpowered buildings, or Contaminate may cause inaccurate times.
  • Supply counts are checked every 10 seconds.